cohdb
Replays
Latest Replays
All Replays
Popular Replays
Top Player Replays
Match Explorer
How It Works
Community
CoH3 Stats
Reddit
Sign in to upload your games and track your stats! →
Sign in with Steam
Match 43436154
Unlisted
Match 43436154
Overview
Messages
Build Orders
End
Construct Barracks
Riflemen Squad
Riflemen Squad
Riflemen Squad
Riflemen Squad
Selects Advanced Infantry Battlegroup
Selects Convert to Ranger Squad
Convert to Ranger Squad
Infantry Support Center
Grenade Package
Selects Frontline Medical Station
Frontline Medical Station
Advanced Logistics
Munitions Surplus
Convert to Ranger Squad
Construct Weapon Support Center
Selects Ammunition Storage
Riflemen Squad
Selects Infantry Assault
Infantry Assault
HIBBLE
CLUBs37
Bradders
Shnezou
MrBiggles
【嗜血狼族】灵狐魅儿
Krötentöten
XXxxxGxxxXX
0
0
Comments
sign in to comment!
No comments posted yet!